 Dungeon Crawl Stone Soup version 0.28-a0-1395-g4f6bc678fa (webtiles) character file.

Game seed: 15092180289341206632

12925 freelancePsychic the Tainter (level 12, 0/104 HPs)
             Began as a Naga Venom Mage on Jan 4, 2022.
             Was an Initiate of Gozag.
             Slain by a warg (13 damage)
             ... on level 1 of the Orcish Mines.
             The game lasted 00:34:20 (15022 turns).

freelancePsychic the Tainter (Naga Venom Mage)     Turns: 15022, Time: 00:34:21

Health: 0/104      AC: 11    Str: 10    XL:     12   Next: 0%
Magic:  20/20      EV: 14    Int: 20    God:    Gozag
Gold:   634        SH:  4    Dex: 13    Spells: 2/22 levels left

rFire   . . .      SeeInvis +   b - staff of poison
rCold   . . .      Faith    .   t - +0 buckler
rNeg    + . .      Spirit   .   k - +2 robe {Archmagi}
rPois   +          Reflect  .   q - +2 hat
rElec   .          Harm     .   H - +0 cloak {Will+}
rCorr   .          Rampage  .   x - +0 pair of gloves
Will    ++...      Archmagi +   (no barding)
Stlth   ++++......              (no amulet)
HPRegen 0.27/turn               f - +4 ring of evasion
MPRegen 0.17/turn               i - ring of positive energy

@: about to teleport, very slow
A: AC +4, large, see invisible, deformed body, poison resistance, slowness 2,
spit poison 1, naga tail 1
a: Spit Poison, Renounce Religion, Potion Petition, Call Merchant, Bribe Branch


You were on level 1 of the Orcish Mines.
You worshipped Gozag.
Gozag was pleased with you.
You visited 3 branches of the dungeon, and saw 14 of its levels.
You also visited: Gauntlet.

You collected 2048 gold pieces.
You spent 1358 gold pieces at shops.
You paid 56 gold pieces to Gozag.

Inventory:

Hand Weapons
 a - the +7 trident of Cympawu {vorpal, SInv}
   (You found it on level 6 of the Dungeon)

   It inflicts extra damage upon your enemies.
   SInv:      It lets you see invisible.
 e - a +0 spear
Missiles
 G - a throwing net
Armour
 c - a +0 kite shield
 k - a +2 robe of the Archmagi (worn)
 q - a +2 hat (worn)
 t - a +0 buckler (worn)
 x - a +0 pair of gloves (worn)
 H - a +0 cloak of willpower (worn)
Magical Staves
 b - a staff of poison (weapon)
Jewellery
 f - a +4 ring of evasion (left hand)
 g - a ring of flight
 i - a ring of positive energy (right hand)
 A - a ring of fire
Wands
 z - a wand of mindburst (16)
 B - a wand of flame (34)
Scrolls
 d - 2 scrolls of amnesia
 h - 3 scrolls of enchant weapon
 n - a scroll of torment
 o - 2 scrolls of teleportation {@r4}
 s - 3 scrolls of immolation
 w - 2 scrolls of vulnerability
 y - 3 scrolls of enchant armour
 E - a scroll of magic mapping
 F - a scroll of identify {@r1}
 I - a scroll of brand weapon
Potions
 j - 4 potions of heal wounds {unknown}
 l - 2 potions of mutation
 m - 3 potions of degeneration {unknown}
 p - a potion of lignification {unknown}
 r - a potion of haste {unknown}
 u - a potion of flight {unknown}
 v - 4 potions of curing {@q1}
 C - a potion of invisibility {unknown}
 D - a potion of brilliance {unknown}
 J - a potion of might {unknown}


   Skills:
 - Level 5.9 Fighting
 - Level 1.5 Dodging
 - Level 10.0 Stealth
 - Level 2.4 Shields
 - Level 5.7 Spellcasting
 - Level 8.5 Conjurations
 - Level 5.1 Hexes
 + Level 7.7 Transmutations
 + Level 12.3 Poison Magic


You had 2 spell levels left.
You knew the following spells:

 Your Spells              Type           Power      Damage    Failure   Level
a - Sting                 Tmut/Pois      100%       1d8       1%          1
b - Poisonous Vapours     Pois/Air       100%       N/A       1%          2
c - Ignite Poison         Fire/Tmut/Pois 65%        N/A       1%          3
d - Olgreb's Toxic Radia  Pois           89%        N/A       1%          4
e - Fulminant Prism       Conj/Hex       24%        3d13      6%          4
f - Eringya's Noxious Bo  Tmut/Pois      40%        N/A       26%         6

Your spell library contained the following spells:

 Spells                   Type           Power      Damage    Failure   Level
 Beastly Appendage        Tmut           100%       N/A       1%          1
 Magic Dart               Conj           100%       1d8       1%          1
 Searing Ray              Conj           100%       2d8       1%          2
 Wereblood                Tmut           53%        N/A       1%          2
 Static Discharge         Conj/Air       34%        N/A       2%          2
 Ensorcelled Hibernation  Hex/Ice        48%        N/A       5%          2
 Mephitic Cloud           Conj/Pois/Air  66%        N/A       1%          3
 Spider Form              Tmut/Pois      80%        N/A       1%          3
 Tukima's Dance           Hex            39%        N/A       4%          3
 Alistair's Intoxication  Tmut/Pois      53%        N/A       4%          5
 Conjure Flame            Conj/Fire      34%        6-21      5%          3
 Hailstorm                Conj/Ice       34%        3d9       19%         4
 Iskenderun's Mystic Bla  Conj/Tloc      34%        2d8       19%         4
 Sticky Flame             Conj/Fire      34%        2d5       19%         4
 Ice Form                 Ice/Tmut       31%        N/A       22%         4
 Dispel Undead            Necr           8%         3d8       71%         4
 Summon Ice Beast         Ice/Summ       8%         N/A       71%         4
 Summon Mana Viper        Hex/Summ       24%        N/A       71%         5
 Lee's Rapid Deconstruct  Erth           4%         3d6*      96%         5
 Dispersal                Tloc           4%         N/A       100%        6
 Simulacrum               Ice/Necr       4%         N/A       100%        6
 Enfeeble                 Hex            19%        N/A       100%        7
 Monstrous Menagerie      Summ           4%         N/A       100%        7
 Disjunction              Tloc           4%         N/A       100%        8


Dungeon Overview and Level Annotations

Branches:
Dungeon (11/15)            Temple (1/1) D:5            Lair (0/6) D:8
    Orc (2/2) D:11        Gauntlet (visited)
    Elf: Orc:2

Altars:
Cheibriados
Dithmenos
Elyvilon
Fedhas
Gozag
Hepliaklqana
Kikubaaqudgha
Makhleb
Nemelex Xobeh
Okawaru
Qazlal
Ru
Sif Muna
Trog
Uskayaw
Vehumet
Wu Jian
Xom
Yredelemnul
Zin
The Shining One

Shops:
D:6 [   D:8 (   D:9 *   D:10 :[(   Orc:1 ?

Annotations:
D:3 3 runed translucent doors, JamezByez's ghost, amateur MiBe
D:5 exclusion: ice beast
D:6 exclusion: ice beast, Grinder


Innate Abilities, Weirdness & Mutations

Your serpentine skin is tough. (AC +4)
You have supernaturally acute eyesight. (SInv)
Armour fits poorly on your strangely shaped body.
Your system is resistant to poisons. (rPois)
You cover ground very slowly.
You can spit poison.
You have a snake-like lower body.


Message History

The warg is no longer distracted by gold.
The warg is distracted by your dazzling golden aura.
You climb upwards.
There is a stone staircase leading down here.
You start resting.
Your toxic aura wanes.
You start resting.
Magic restored.
There's nothing to close nearby.
Unknown command.
Okay, then.
You climb downwards.
You block the warg's attack.
The orc warrior hits you with a +0 long sword!
The warg bites you but does no damage. The warg barely misses you.
The orc warrior hits you with a +0 long sword.
The warg bites you! x2
There is a stone staircase leading up, spattered with blood here.
The warg bites you.
The warg bites you! x2; The warg closely misses you.
The orc warrior hits you but does no damage.
The warg bites you.
You climb upwards.
There is a stone staircase leading down here.
Okay, then.
Okay, then.
Okay, then.
Okay, then.
As you read the scroll of teleportation {@r4}, it crumbles to dust.
You feel strangely unstable. The warg closely misses you. The warg misses you.
You block the warg's attack. The orc warrior barely misses you.
The warg bites you. The warg bites you but does no damage.
The warg bites you but does no damage. You block the warg's attack.
The warg bites you!
* * * LOW HITPOINT WARNING * * *
The warg bites you.
* * * LOW HITPOINT WARNING * * *
The warg bites you!
* * * LOW HITPOINT WARNING * * *
The warg bites you!
You die...
Your body crumbles into a pile of gold.

#....#....................##..#.#
.........................#.######
#.................#.........#
.........#.)[##............##
..#........[..............##
.........................##
..#......[[<[...........##
........................####
#..#..........oh@........#.##
#..........[...hhh...#..#...#
...##.......#..)....#.###..##
#.###.....^......[.........#
##.......#.......)........##
#........#.......#......###
##..#....................##
#####.#.......#....#.#.#.##
##.#.####............###...#


You could see 4 wargs and an orc warrior.

Vanquished Creatures
  An orc warlord (Orc:2)
  A boulder beetle (D:11)
  A two-headed ogre (D:11)
  Erica (D:10)
  An orc sorcerer (Orc:2)
  An unseen horror (D:6)
  3 kobold demonologists (D:10)
  2 trolls
  A hornet (D:9)
  10 yaks
  3 wraiths (D:11)
  4 wargs
  Menkaure (D:5)
  2 water moccasins
  13 orc warriors
  2 ice beasts
  2 black bears (D:7)
  5 necrophages
  2 sky beasts
  4 ogres
  4 centaurs
  A kobold brigand (D:10)
  A gnoll sergeant (D:9)
  4 bullfrogs
  3 scorpions
  A wyvern skeleton (D:7)
  A water moccasin skeleton (D:5)
  7 wights
  7 howler monkeys
  An electric eel (D:7)
  A crimson imp (D:5)
  17 orc priests
  4 hounds
  A centaur skeleton (D:7)
  2 gnoll shamans
  Crazy Yiuf (D:3)
  3 iguanas (D:4)
  A scorpion zombie (D:5)
  9 orc wizards
  A howler monkey zombie (D:9)
  12 gnolls
  7 adders
  A howler monkey skeleton (D:4)
  2 ufetubi (D:5)
  An adder skeleton (D:4)
  2 worms (D:2)
  3 dart slugs
  53 orcs
  3 endoplasms
  A giant cockroach (D:2)
  4 goblins
  9 hobgoblins
  3 quokkas (D:4)
  9 ball pythons
  3 bats
  4 frilled lizards
  17 kobolds
  A rat (D:3)
265 creatures vanquished.

Vanquished Creatures (others)
  15 fulminant prisms
  A fungus (D:3)
16 creatures vanquished.

Grand Total: 281 creatures vanquished

Notes
Turn   | Place    | Note
-------+----------+-------------------------------------------
     0 | D:1      | freelancePsychic the Naga Venom Mage began the quest for
                  | the Orb.
     0 | D:1      | Reached XP level 1. HP: 15/15 MP: 3/3
   672 | D:1      | Reached XP level 2. HP: 22/22 MP: 5/5
  1234 | D:2      | Learned a level 2 spell: Poisonous Vapours
  1608 | D:2      | Found a faded altar of an unknown god.
  1659 | D:2      | Reached XP level 3. HP: 27/28 MP: 6/6
  1990 | D:2      | Reached skill level 5 in Poison Magic
  2573 | D:3      | Found a runed translucent gate.
  2573 | D:3      | Found a runed translucent gate.
  2573 | D:3      | Found a runed translucent gate.
  2578 | D:3      | Reached XP level 4. HP: 36/36 MP: 8/8
  2584 | D:3      | Learned a level 4 spell: Olgreb's Toxic Radiance
  2630 | D:3      | Noticed JamezByez's ghost (amateur MiBe)
  3324 | D:3      | Found a runed translucent door.
  3325 | D:3      | Noticed Crazy Yiuf
  3394 | D:4      | Reached skill level 6 in Poison Magic
  3394 | D:4      | Reached XP level 5. HP: 41/42 MP: 0/10
  3807 | D:4      | Reached skill level 7 in Poison Magic
  3807 | D:4      | Reached XP level 6. HP: 45/49 MP: 7/12
  4035 | D:4      | Noticed a necrophage
  4055 | D:4      | Killed a necrophage
  4056 | D:4      | Reached skill level 1 in Fighting
  4056 | D:4      | Reached skill level 1 in Conjurations
  4324 | D:4      | Noticed a necrophage
  4337 | D:5      | Entered Level 5 of the Dungeon
  4349 | D:5      | Reached XP level 7. HP: 54/57 MP: 4/13
  4466 | D:5      | Found a burning altar of Makhleb.
  4651 | D:5      | Found a staircase to the Ecumenical Temple.
  4666 | Temple   | Entered the Ecumenical Temple
  4717 | Temple   | Became a worshipper of Gozag Ym Sagoz the Greedy
  5051 | D:5      | Reached skill level 5 in Stealth
  5154 | D:5      | Found a basalt altar of Yredelemnul.
  5446 | D:5      | Noticed Menkaure
  5529 | D:6      | Found Otoos's Armour Shop.
  5557 | D:6      | Identified the +7 trident of Cympawu {vorpal, SInv}
  5572 | D:6      | Noticed Grinder
  5739 | D:6      | Learned a level 4 spell: Fulminant Prism
  5838 | D:6      | Noticed an unseen horror
  5848 | D:6      | Killed an unseen horror
  5849 | D:6      | Reached XP level 8. HP: 57/69 MP: 2/14
  6058 | D:6      | Found a blossoming altar of Fedhas.
  6059 | D:6      | Found an iron altar of Okawaru.
  6060 | D:6      | Found an ancient bone altar of Kikubaaqudgha.
  6224 | D:6      | Reached skill level 5 in Conjurations
  7307 | D:7      | Reached XP level 9. HP: 73/78 MP: 15/15
  8760 | D:5      | Killed Menkaure
  9237 | D:4      | Reached skill level 5 in Fighting
  9237 | D:4      | Reached skill level 5 in Hexes
  9426 | D:3      | Killed Crazy Yiuf
  9603 | D:6      | Bought a +2 robe of the Archmagi for 452 gold pieces
  9651 | D:8      | Found a staircase to the Lair.
  9761 | D:8      | Reached skill level 5 in Spellcasting
  9761 | D:8      | Reached XP level 10. HP: 88/88 MP: 12/17
  9898 | D:8      | Found a sparkling altar of Nemelex Xobeh.
 10345 | D:8      | Found Ahuw's Antique Weapon Emporium.
 10366 | D:8      | Found a white marble altar of Elyvilon.
 10523 | D:8      | Found a hazy altar of Hepliaklqana.
 11056 | D:9      | Reached skill level 10 in Stealth
 11141 | D:9      | Found Kiugic's Serpentskin Sales.
 11155 | D:9      | Bought the Reference Book on Venom for 390 gold pieces
 11162 | D:9      | Learned a level 6 spell: Eringya's Noxious Bog
 11345 | D:9      | Reached skill level 1 in Shields
 11602 | D:10     | Entered Level 10 of the Dungeon
 11602 | D:10     | Found Wuojoghoyg's Antique Weapon Shop.
 11602 | D:10     | Found Verchoud's Armour Emporium.
 11610 | D:10     | Identified the +1 ring mail of the Cricket {+Blink Regen+
                  | Str+2 Dex-4}
 11618 | D:10     | Bought a +0 cloak of willpower for 126 gold pieces
 11637 | D:10     | Noticed Erica
 11645 | D:10     | Killed Erica
 11646 | D:10     | Reached skill level 8 in Poison Magic
 11925 | D:10     | Reached XP level 11. HP: 68/97 MP: 2/19
 11928 | D:10     | Reached skill level 9 in Poison Magic
 12235 | D:10     | Noticed a sixfirhy
 12521 | D:10     | Found Vaqyclor's Book Shoppe.
 12543 | D:10     | Reached skill level 5 in Transmutations
 12715 | D:10     | Bought an Everburning Encyclopedia for 390 gold pieces
 12719 | D:10     | Learned a level 3 spell: Ignite Poison
 12953 | D:10     | Reached skill level 10 in Poison Magic
 13158 | D:11     | Noticed a boulder beetle
 13158 | D:11     | Found a gate leading to a gauntlet.
 13162 | D:11     | Killed a boulder beetle
 13173 | Gauntlet | Entered a Gauntlet
 13173 | Gauntlet | Found a transporter.
 13231 | Gauntlet | Found a runed translucent gate.
 13233 | Gauntlet | Found a transporter.
 13234 | Gauntlet | Found a runed translucent gate.
 13235 | Gauntlet | Found a runed translucent gate.
 13236 | Gauntlet | Found a transporter.
 13237 | Gauntlet | Found a transporter.
 13245 | Gauntlet | Found a transporter.
 13248 | Gauntlet | Found a transporter.
 13249 | Gauntlet | Found a transporter.
 13257 | Gauntlet | Noticed a blizzard demon
 13261 | Gauntlet | Found a transporter.
 13262 | Gauntlet | Found a transporter.
 13262 | Gauntlet | Found a transporter.
 13270 | Gauntlet | Found a transporter.
 13273 | Gauntlet | Found a transporter.
 13274 | Gauntlet | Found a transporter.
 13282 | Gauntlet | Noticed a wretched star
 13291 | Gauntlet | Found a transporter.
 13503 | D:11     | Identified the +3 chain mail "Lashronu" {Dex+2}
 13532 | D:11     | Noticed a two-headed ogre
 13645 | D:11     | Killed a two-headed ogre
 14068 | D:11     | Reached skill level 11 in Poison Magic
 14300 | D:11     | Found a staircase to the Orcish Mines.
 14313 | Orc:1    | Entered Level 1 of the Orcish Mines
 14813 | Orc:1    | Found Otuphes's Magic Scroll Emporium.
 14904 | Orc:2    | Entered Level 2 of the Orcish Mines
 14904 | Orc:2    | Noticed an orc warlord
 14907 | Orc:2    | Noticed an orc sorcerer
 14910 | Orc:2    | Killed an orc sorcerer
 14911 | Orc:2    | Reached skill level 12 in Poison Magic
 14911 | Orc:2    | Killed an orc warlord
 14912 | Orc:2    | Reached XP level 12. HP: 104/104 MP: 2/20
 15022 | Orc:1    | Slain by a warg

Illustrated notes

Levels and vault maps discovered:
D:1:      dpeg_arrival_water_temple_mockup, layout_basic
D:2:      layout_basic, basic_ecumenical_altar
D:3:      layout_loops_ring, gammafunk_ghost_split, minmay_bisected,
          uniq_crazy_yiuf_cottage
D:4:      layout_gridville, minmay_misc_feat_nine_boxes, minmay_checkerbox
D:5:      layout_basic, yredelemnul_altar_generic, makhleb_grotto_becter,
          minmay_temple_entry_mini_moons, uniq_menkaure
D:6:      layout_cave_pools, grunt_temple_overflow_open, serial_shops, shop,
          minmay_puff, uniq_grinder
D:7:      layout_layer_cave, minmay_crystal_water, hex_large
D:8:      layout_rooms, mainiacjoe_overflow_brackets,
          nemelex_spade_bored_becter, mainiacjoe_overflow_24_doors,
          erik_lair_orcish_takeover, serial_shops, nicolae_shop_window_shopping,
          serial_bayou_pond_e
D:9:      layout_long_grid, guppyfry_shop_venom
D:10:     layout_irregular_city, serial_shops, nicolae_inconvenience_store,
          nicolae_shop_waterfront, nicolae_stop_n_shop_2, uniq_erica
D:11:     layout_irregular_city, david_orc_4, gauntlet_entry_generic
Temple:   eino_temple_water
Orc:1:    layout_caves, serial_shops, shop
Orc:2:    st_orc_pillars, layout_diamond_mine, ebering_ghost_disaster_area,
          statue_in_the_mist_lemuel

Skill      XL: |  1  2  3  4  5  6  7  8  9 10 11 |
---------------+----------------------------------+-----
Poison Magic   | 5 6 7 8 12 | 12.3
Spellcasting   | 3 4 5 |  5.7
Fighting       | 1 3 5 |  5.9
Conjurations   | 1 4 5 7 8 |  8.5
Stealth        | 4 6 7 9 10 | 10.0
Hexes          | 2 4 5 |  5.1
Shields        | 2 |  2.4
Transmutations | 3 7 |  7.7
Dodging        | |  1.5

Action                   |  1- 3 |  4- 6 |  7- 9 | 10-12 || total
-------------------------+-------+-------+-------+-------++-------
Melee: Unarmed           |     3 |       |       |       ||     3
       Spear             |    11 |       |       |       ||    11
       Staff             |    14 |    86 |   105 |    17 ||   222
       Trident           |       |       |   116 |   112 ||   228
 Cast: Sting             |    12 |     2 |     9 |       ||    23
       Poisonous Vapours |    21 |    22 |    19 |     6 ||    68
       Olgreb's Toxic Ra |       |     4 |    21 |    48 ||    73
       Fulminant Prism   |       |       |     1 |    14 ||    15
       Ignite Poison     |       |       |       |    13 ||    13
 Abil: Spit Poison       |    32 |    22 |     6 |     2 ||    62
Evoke: Wand              |       |       |     1 |       ||     1
  Use: Scroll            |       |     3 |     5 |     4 ||    12
       Potion            |       |     2 |       |       ||     2
 Stab: Sleeping          |       |       |     5 |     2 ||     7
       Distracted        |       |       |     1 |     1 ||     2
Armor: Robe              |     6 |    19 |    66 |    45 ||   136
Dodge: Dodged            |    17 |    67 |   150 |   102 ||   336
Block: Buckler           |       |       |       |    12 ||    12

Table legend: (Time is in decaauts)
 A = Elapsed time spent in this place.
 B = Non-inter-level travel time spent in this place.
 C = Inter-level travel time spent in this place.
 D = Time resting spent in this place.
 E = Time spent auto-exploring this place.
 F = Levels seen in this place.
 G = Mean time per level.
                   A        B        C        D        E       F      G
               +--------+--------+--------+--------+--------+-----+--------+
         Total |  18159 |  17482 |    677 |   1247 |  13486 |  15 | 1210.6 |
       Dungeon |  17358 |  16720 |    638 |   1144 |  12985 |  11 | 1578.0 |
        Temple |     86 |     72 |     14 |      0 |     22 |   1 |   86.0 |
  Orcish Mines |    462 |    438 |     24 |    103 |    270 |   2 |  231.0 |
      Gauntlet |    252 |    252 |      0 |      0 |    209 |   1 |  252.0 |
               +--------+--------+--------+--------+--------+-----+--------+

Top non-repeatable levels by time:
     D:6: 2035 daAuts
     D:7: 1948 daAuts
    D:10: 1680 daAuts
     D:5: 1655 daAuts
     D:4: 1637 daAuts
     D:3: 1609 daAuts
     D:1: 1482 daAuts
    D:11: 1458 daAuts
     D:9: 1425 daAuts
     D:2: 1341 daAuts
     D:8: 1083 daAuts
   Orc:1: 450 daAuts
Gauntlet: 252 daAuts
  Temple: 86 daAuts
   Orc:2: 11 daAuts
